 Dungeon Crawl Stone Soup version 0.28-a0-1202-g1e6f1b2279 (webtiles) character file.

Game seed: 395906490491097518

2 Peloso the Skirmisher (level 1, 0/20 HPs)
             Began as a Minotaur Fighter on Dec 20, 2021.
             Succumbed to a kobold's poison
             ... on level 1 of the Dungeon.
             The game lasted 00:00:20 (171 turns).

Peloso the Skirmisher (Minotaur Fighter)             Turns: 171, Time: 00:00:21

Health: 0/20       AC:  7    Str: 20    XL:     1   Next: 33%
Magic:  0/0        EV:  9    Int:  5    God:
Gold:   0          SH:  4    Dex:  9    Spells: 0/0 levels left

rFire   . . .      SeeInvis .   a - +0 long sword
rCold   . . .      Faith    .   c - +0 buckler
rNeg    . . .      Spirit   .   b - +0 scale mail
rPois   .          Reflect  .   (helmet restricted)
rElec   .          Harm     .   (no cloak)
rCorr   .          Rampage  .   (no gloves)
Will    .....                   (no boots)
Stlth   ..........              (no amulet)
HPRegen 0.06/turn               (no ring)
MPRegen 0.07/turn               (no ring)

@: lethally poisoned (0 -> -5), attractive
A: horns 2, retaliatory headbutt
a: no special abilities


You were on level 1 of the Dungeon.
You visited 1 branch of the dungeon, and saw 1 of its levels.

Inventory:

Hand Weapons
 a - a +0 long sword (weapon)
Armour
 b - a +0 scale mail (worn)
 c - a +0 buckler (worn)
Potions
 d - a potion of might


   Skills:
 + Level 3.7 Fighting
 + Level 2.4 Long Blades
 + Level 3.7 Armour
 + Level 3.6 Shields


You couldn't memorise any spells.
You didn't know any spells.
Your spell library was empty.

Dungeon Overview and Level Annotations

Branches:
Dungeon (1/15)

Altars:


Innate Abilities, Weirdness & Mutations

You have a pair of horns on your head.
You reflexively headbutt those who attack you in melee.


Message History

The bat barely misses you.
You barely miss the bat. The bat hits you. The bat barely misses you.
The bat hits you but does no damage.
You slash the bat!
You kill the bat!
HP restored.
A kobold comes into view. It is wielding a +0 dagger.
The kobold shouts!
You hear a shout!
A kobold is nearby!
A kobold comes into view. It is wielding a +2 dagger of venom.
The kobold shouts!
The kobold throws a stone.
You block the stone.
You hit the kobold.
You kill the kobold!
You barely miss the kobold. The kobold hits you but does no damage.
You are poisoned.
You barely miss the kobold. Your headbutt misses the kobold.
You feel sick. You block the kobold's attack.
You closely miss the kobold.
You feel sick.
The kobold hits you with a +2 dagger of venom.
You are lethally poisoned!
The kobold barely misses you. You furiously retaliate!
You headbutt the kobold. You slash the kobold!
You kill the kobold!
You feel very sick.
You feel sick.
Things that are here:
a +2 dagger of venom; 4 stones; a kobold corpse
* * * LOW HITPOINT WARNING * * *
You feel very sick.
It was a potion of attraction.
You feel attractive to monsters.
* * * LOW HITPOINT WARNING * * *
You feel sick.
Unknown command.
* * * LOW HITPOINT WARNING * * *
You feel sick.
Things that are here:
a +2 dagger of venom; 4 stones; a kobold corpse You die...

... .# ..... #.###
.....####...
...........#
...........+
...........####
............#..
........@...#.#
........)...#.#
............#.####
#..######+#.#....##
#. #........#.##..#
#..#.#............#
#..#......####....#
#.........# #....#
#.........####....#


There were no monsters in sight!

Vanquished Creatures
  A bat (D:1)
  2 kobolds (D:1)
3 creatures vanquished.

Notes
Turn   | Place    | Note
-------+----------+-------------------------------------------
     0 | D:1      | Peloso the Minotaur Fighter began the quest for the Orb.
     0 | D:1      | Reached XP level 1. HP: 19/19 MP: 0/0
   170 | D:1      | HP: 1/20 [poisoned by a kobold]
   171 | D:1      | Succumbed to a kobold's poison

Illustrated notes

Levels and vault maps discovered:
D:1:      psy_arrival_radial02, layout_basic, moated_statue,
          hangedman_decor_push, minivault_24

Action                   || total
-------------------------++-------
Melee: Long sword        ||     7
  Use: Potion            ||     1
Armor: Scale mail        ||     2
Dodge: Dodged            ||     3
Block: Buckler           ||     2

Table legend: (Time is in decaauts)
 A = Elapsed time spent in this place.
 B = Non-inter-level travel time spent in this place.
 C = Inter-level travel time spent in this place.
 D = Time resting spent in this place.
 E = Time spent auto-exploring this place.
 F = Levels seen in this place.
 G = Mean time per level.
                   A        B        C        D        E       F      G
               +--------+--------+--------+--------+--------+-----+--------+
         Total |    173 |    173 |      0 |      0 |    149 |   1 |  173.0 |
       Dungeon |    173 |    173 |      0 |      0 |    149 |   1 |  173.0 |
               +--------+--------+--------+--------+--------+-----+--------+

Top non-repeatable levels by time:
     D:1: 173 daAuts
